 Dungeon Crawl Stone Soup version 0.30.1-11-g7821555f0a (webtiles) character file.

Game seed: 7066073796762770503

2981 lonewolfV2 the Nimble (level 9, -4/85 HPs)
             Began as a Minotaur Fighter on Nov 10, 2023.
             Was an Initiate of the Shining One.
             Slain by a yak (13 damage)
             ... while paralysed by a hornet
             ... on level 9 of the Dungeon.
             The game lasted 00:08:44 (7690 turns).

lonewolfV2 the Nimble (Minotaur Fighter)            Turns: 7690, Time: 00:08:45

Health: -4/85      AC: 14    Str: 20    XL:     9   Next: 53%
Magic:  11/11      EV:  2    Int:  5    God:    the Shining One [......]
Gold:   412        SH:  0    Dex: 15    Spells: 8/8 levels left

rFire   + . .        a - +2 war axe (heavy)
rCold   . . .        c - +0 buckler
rNeg    . . .        j - +3 storm dragon scales
rPois   .            (helmet restricted)
rElec   +            (no cloak)
rCorr   .            (no gloves)
SInv    .            (no boots)
Will    .....        y - amulet of faith Stlth
                     B - ring of protection from fire
HPRegen 0.34/turn    (no ring)
MPRegen 0.12/turn

%: faith
@: paralysed, lethally poisoned (-4 -> -22), slowed, glowing
A: horns 2, retaliatory headbutt
a: Renounce Religion


You were on level 9 of the Dungeon.
You worshipped the Shining One.
The Shining One was noncommittal.
You visited 2 branches of the dungeon, and saw 10 of its levels.

You collected 412 gold pieces.

Inventory:

Hand Weapons
 a - a +2 heavy war axe (weapon)
Armour
 b - a +0 scale mail
 c - a +0 buckler (worn)
 j - +3 storm dragon scales (worn)
Jewellery
 y - an amulet of faith (around neck)
 B - a ring of protection from fire (left hand)
 D - a ring of fire
Wands
 k - a wand of quicksilver (10)
 m - a wand of flame (9)
 s - a wand of roots (6)
 w - a wand of paralysis (8)
Scrolls
 e - 2 scrolls of noise
 g - 2 scrolls of poison
 h - a scroll of fear
 l - 5 scrolls of teleportation
 n - 2 scrolls of identify
 r - a scroll of magic mapping
 t - a scroll of butterflies
 A - a scroll of fog
Potions
 d - 5 potions of might
 f - 2 potions of invisibility
 i - 2 potions of brilliance {unknown}
 p - 3 potions of resistance
 q - 2 potions of degeneration {unknown}
 u - a potion of attraction {unknown}
 v - a potion of haste {unknown}
 x - a potion of heal wounds
 z - a potion of flight {unknown}
 C - 2 potions of berserk rage {unknown}
Miscellaneous
 o - a phantom mirror


   Skills:
 - Level 10.0 Fighting
 - Level 2.4 Axes
 - Level 3.6 Armour
 - Level 10.4 Dodging
 - Level 3.6 Shields
 * Level 4.7 Invocations


You had 8 spell levels left.
You didn't know any spells.
Your spell library contained the following spells:

 Spells                   Type           Power      Damage    Failure   Level
 Apportation              Tloc           0%         N/A       100%        1
 Beastly Appendage        Tmut           0%         N/A       100%        1
 Foxfire                  Conj/Fire      0%         2x1d4     100%        1
 Necrotise                Necr           0%         1d4       100%        1
 Summon Small Mammal      Summ           0%         N/A       100%        1
 Sublimation of Blood     Necr           0%         N/A       100%        2
 Wereblood                Tmut           0%         N/A       100%        2
 Spider Form              Tmut/Pois      0%         N/A       100%        3
 Petrify                  Tmut/Erth      0%         N/A       100%        4
 Blade Hands              Tmut           0%         N/A       100%        5
 Fireball                 Conj/Fire      0%         3d3       100%        5
 Irradiate                Conj/Tmut      0%         3d11      100%        5
 Plasma Beam              Fire/Air       0%         2x1d11    100%        6
 Starburst                Conj/Fire      0%         6d3       100%        6
 Dragon Form              Tmut           0%         N/A       100%        7


Dungeon Overview and Level Annotations

Branches:
Dungeon (9/15)             Temple (1/1) D:5
   Lair: D:8-11         Orc: D:9-12

Altars:
Dithmenos
Elyvilon
Fedhas
Makhleb
Nemelex Xobeh
Okawaru
Sif Muna
Trog
Wu Jian
Xom
Yredelemnul
Zin
The Shining One


Innate Abilities, Weirdness & Mutations

You have a pair of horns on your head.
You reflexively headbutt those who attack you in melee.


Message History

The yak gores you but does no damage. x2; You block the yak's attack.
The hornet stings you but does no damage.
The yak closely misses you. You furiously retaliate!
You headbutt the yak! The yak gores you! The yak closely misses you.
You furiously retaliate!
You headbutt the yak! The yak gores you.
The hornet stings you but does no damage.
You slash the hornet!
The hornet is moderately wounded.
You slash the yak! You hit the yak but do no damage. You slash the yak!
You hit the yak. The hornet stings you.
You feel as though you will be slow longer.
The hornet stings you.
You feel as though you will be slow longer.
The yak misses you.
The yak gores you but does no damage. x3
The hornet barely misses you. You furiously retaliate!
You headbutt the hornet. You block the yak's attack. The yak gores you.
The yak misses you. You furiously retaliate!
You headbutt the yak!
You kill the yak!
You block the yak's attack.
The hornet stings you but does no damage.
The yak barely misses you. You furiously retaliate!
You headbutt the yak. The yak gores you! You block the yak's attack.
You hit the hornet.
The hornet is heavily wounded.
You slash the yak! You slice the yak!! You hit the yak but do no damage.
You barely miss the yak. The hornet stings you.
You are poisoned.
You suddenly lose the ability to move!
The hornet stings you.
You feel as though you will be slow longer.
The yak gores you.
* * * LOW HITPOINT WARNING * * *
The yak gores you!
* * * LOW HITPOINT WARNING * * *
The yak barely misses you. The yak gores you but does no damage.
The hornet stings you!
* * * LOW HITPOINT WARNING * * *
You are lethally poisoned!
You feel as though you will be slow longer.
The yak gores you but does no damage. The yak gores you!
You die...

....#......# .#
#.....##.#....
#.....##....<. # .
#....###...... .##..
#.##.###.#.... .....
...#..#..#... ### ......
......##....###.##......
.........#......YY......
.........#.....y@Y......
...###.#....?...YY......
.......#.......##.......
#.....##.......# .......
#......#.......# .......
.........##.............
.....##.#..<.#..........
.....###....###......#..
.....###.....# ####


You could see 5 yaks and a hornet.

Vanquished Creatures
  Maggie (D:7)
  A yak (D:9)
  3 steam dragons
  An orc warrior (D:8)
  3 water moccasins
  2 black bears
  An ice beast (D:7)
  4 centaurs
  2 kobold brigands (D:8)
  3 bullfrogs (D:8)
  2 scorpions
  The ghost of ChrisAssaf the Magician, a weakling DjEn (D:3)
  3 howler monkeys (D:8)
  2 hounds
  2 jellies
  A gnoll bouda (D:7)
  A sleepcap (D:5)
  Natasha (thrice) (D:3)
  5 orc wizards
  Robin (D:2)
  4 gnolls (D:7)
  7 adders
  2 white imps
  A worm (D:4)
  3 dart slugs
  15 orcs
  9 ball pythons
  8 endoplasms
  4 giant cockroaches
  5 hobgoblins
  2 jackals (D:4)
  3 bats
  5 frilled lizards
  17 goblins
  18 kobolds
  3 rats
148 creatures vanquished.

Notes
Turn   | Place    | Note
-------+----------+-------------------------------------------
     0 | D:1      | lonewolfV2 the Minotaur Fighter began the quest for the
                  | Orb.
     0 | D:1      | Reached XP level 1. HP: 19/19 MP: 0/0
   211 | D:1      | Reached XP level 2. HP: 25/28 MP: 1/1
   816 | D:2      | Noticed Robin
   821 | D:2      | Reached skill level 5 in Fighting
   825 | D:2      | Reached XP level 3. HP: 36/36 MP: 2/2
   835 | D:2      | Killed Robin
   979 | D:2      | Reached XP level 4. HP: 44/44 MP: 3/3
  1157 | D:3      | Noticed Natasha
  1161 | D:3      | Killed Natasha
  1276 | D:3      | Noticed Natasha
  1279 | D:3      | Killed Natasha
  1304 | D:3      | Noticed Natasha
  1311 | D:3      | Killed Natasha
  1312 | D:3      | Reached XP level 5. HP: 50/52 MP: 4/4
  1372 | D:3      | Found a runed translucent door.
  1372 | D:3      | Noticed a black bear
  1372 | D:3      | Noticed ChrisAssaf's ghost (weakling DjEn)
  1746 | D:3      | Killed a black bear
  1749 | D:3      | Killed ChrisAssaf's ghost
  1750 | D:3      | Reached XP level 6. HP: 47/62 MP: 5/5
  2124 | D:4      | Reached XP level 7. HP: 65/71 MP: 6/6
  2344 | D:4      | Reached skill level 10 in Fighting
  2645 | D:5      | Entered Level 5 of the Dungeon
  2720 | D:5      | Reached skill level 1 in Dodging
  3126 | D:5      | Found a staircase to the Ecumenical Temple.
  3194 | Temple   | Entered the Ecumenical Temple
  3224 | Temple   | Became a worshipper of the Shining One
  3411 | D:5      | Found a white marble altar of Elyvilon.
  3504 | D:5      | Found an iron altar of Okawaru.
  3885 | D:6      | Found a shadowy altar of Dithmenos.
  4268 | D:6      | Reached skill level 5 in Dodging
  4301 | D:6      | Reached XP level 8. HP: 47/79 MP: 7/7
  5574 | D:7      | Noticed Maggie
  5585 | D:7      | HP: 3/79 [Maggie/+0 glaive of flaming (14)]
  5590 | D:7      | HP: 2/79 [Maggie/bolt of dispelling energy (15)]
  5592 | D:7      | Killed Maggie
  6315 | D:8      | Reached XP level 9. HP: 62/85 MP: 8/8
  6624 | D:8      | Reached skill level 10 in Dodging
  6754 | D:8      | Reached skill level 1 in Invocations
  7690 | D:9      | Paralysed by a hornet for 2 turns
  7690 | D:9      | Slain by a yak

Illustrated notes

Levels and vault maps discovered:
D:1:      heliophobic_arrival_henge, layout_basic, serial_park_tiny_2,
          amcnicky_mini_corridor_feature
D:2:      layout_rooms, uniq_robin
D:3:      layout_loops_cross, ebering_ghost_inner_flame, minivault_11,
          uniq_natasha
D:4:      layout_rooms, nrook_mini_backslash, minmay_quantized
D:5:      layout_cave_pods, mainiacjoe_overflow_big_doors,
          minmay_temple_entry_statues_pillars
D:6:      layout_layer_cave, nicolae_dithmenos_the_darkroom,
          kennysheep_generic_room_12
D:7:      layout_basic, serial_aquarium, aquarium_bridge_square
          [aquarium_subvault_wall, aquarium_subvault_wall,
          aquarium_subvault_bridge, aquarium_subvault_bridge],
          aquarium_window_corridor_3, aquarium_window_1, aquarium_window_1,
          aquarium_window_2, aquarium_view_2d, aquarium_pool_side, uniq_maggie
D:8:      layout_basic, grunt_ministairs_9, st_stairs_7
D:9:      layout_cave_pools, orc_0_dummy, special_room [special_room_orc]
Temple:   hellmonk_temple_of_storms

Skill      XL: |  1  2  3  4  5  6  7  8  9 |
---------------+----------------------------+-----
Fighting       | 4 5 6 7 8 9 10 | 10.0
Dodging        | 5 9 10 | 10.4
Invocations    | 4 |  4.7
Axes           | |  2.4
Armour         | |  3.6
Shields        | |  3.6

Action                     |  1- 3 |  4- 6 |  7- 9 || total
---------------------------+-------+-------+-------++-------
  Melee: War axe           |    69 |    55 |   184 ||   308
         Headbutt          |     9 |     6 |    28 ||    43
    Use: Scroll            |     3 |     4 |     9 ||    16
         Potion            |       |       |     4 ||     4
 Armour: Scale mail        |    46 |     3 |       ||    49
         Storm dragon scal |       |    57 |   199 ||   256
  Dodge: Dodged            |    36 |    26 |   127 ||   189
  Block: Buckler           |    14 |    16 |    68 ||    98
